[ AOE2 MATCH · #482936069 ]
UnrankedKhitans vs Berbers
[ REPLAY ANALYSIS · EXTRACTED FROM THE RECORDED GAME ]
Feudal
—
Castle
—
Imperial
—
| APM avg | 46.3 |
| APM peak | 63 |
| eAPM avg | 16.8 |
| Villagers / military | 19 / 25 |
Focus
⚔️ 38.2% · 🌾 61.8%
Scout Cavalry ×22 · Spearman ×3
Feudal
—
Castle
8:21
Imperial
—
| APM avg | 21.1 |
| APM peak | 39 |
| eAPM avg | 12.6 |
| Villagers / military | 13 / 15 |
Focus
⚔️ 30.1% · 🌾 69.9%
Knight ×11 · Spearman ×3 · Camel Scout ×1
Feudal
—
Castle
—
Imperial
—
| APM avg | 31.1 |
| APM peak | 58 |
| eAPM avg | 14.1 |
| Villagers / military | 15 / 13 |
Focus
⚔️ 21.4% · 🌾 78.6%
Scout Cavalry ×10 · Spearman ×3
Feudal
—
Castle
—
Imperial
—
| APM avg | 13.0 |
| APM peak | 28 |
| eAPM avg | 10.1 |
| Villagers / military | 14 / 12 |
Focus
⚔️ 28.1% · 🌾 71.9%
Scout Cavalry ×8 · Spearman ×4
Feudal
—
Castle
—
Imperial
—
| APM avg | 13.0 |
| APM peak | 39 |
| eAPM avg | 10.4 |
| Villagers / military | 11 / 13 |
Focus
⚔️ 28.8% · 🌾 71.2%
Archer ×8 · Spearman ×5
Feudal
—
Castle
—
Imperial
—
| APM avg | 13.3 |
| APM peak | 18 |
| eAPM avg | 8.7 |
| Villagers / military | 15 / 17 |
Focus
⚔️ 28.4% · 🌾 71.6%
Archer ×11 · Scout Cavalry ×4 · Spearman ×2
Match map
Initial resources + every placement click. Lines = walls · curves = elevation contours. ◆ gold · ⬟ stone · ● berries · ✦ relic · ◌ wall gap
Your base· Open — 3t gap
hianyzol's base· Open — 4t gap
SQ | dfLozanot's base· Open — unwalled flank
davidignaciogonzalez's base
King Bourbon's base
mrusuario0001's base· Open — unwalled flank
Smoothed initial terrain · ◌ = detected wall gap · hover for details
Inputs per minute
— PrimordiaL_ - - hianyzol
Build order — PrimordiaL_
76 actions detected in the replay
| 0:03 | Create | Villager (Male) |
| 0:11 | Create | Villager (Male) |
| 0:14 | Build | House |
| 0:18 | Build | Stable |
| 0:26 | Create | Villager (Male) |
| 0:55 | Create | Spearman |
| 1:01 | Research | Forging |
| 1:11 | Create | Scout Cavalry |
| 1:11 | Create | Scout Cavalry |
| 1:15 | Build | Stable |
| 1:31 | Create | Scout Cavalry |
| 1:31 | Create | Scout Cavalry |
| 1:33 | Create | Villager (Male) |
| 1:55 | Build | Mill |
| 1:56 | Create | Villager (Male) |
| 2:22 | Create | Villager (Male) |
| 2:23 | Create | Scout Cavalry |
| 2:24 | Create | Scout Cavalry |
| 2:28 | Build | House |
| 2:29 | Create | Villager (Male) |
| 2:43 | Create | Scout Cavalry |
| 2:44 | Create | Scout Cavalry |
| 2:48 | Build | Pasture |
| 2:53 | Build | House |
| 2:53 | Build | House |
| 2:54 | Build | House |
| 2:54 | Build | House |
| 2:57 | Build | House |
| 3:10 | Research | Double-Bit Axe |
| 3:11 | Research | Tech 1014 |
| 3:37 | Create | Villager (Male) |
| 3:38 | Create | Scout Cavalry |
| 3:39 | Create | Scout Cavalry |
| 3:39 | Create | Villager (Male) |
| 3:40 | Build | Pasture |
| 3:57 | Create | Villager (Male) |
| 4:02 | Create | Scout Cavalry |
| 4:02 | Create | Scout Cavalry |
| 4:12 | Build | House |
| 4:13 | Build | House |
| 4:14 | Build | House |
| 4:15 | Build | House |
| 4:16 | Build | House |
| 4:27 | Create | Scout Cavalry |
| 4:27 | Create | Scout Cavalry |
| 4:27 | Create | Scout Cavalry |
| 4:28 | Create | Villager (Male) |
| 4:53 | Create | Villager (Male) |
| 5:03 | Create | Scout Cavalry |
| 5:03 | Create | Scout Cavalry |
| 5:03 | Create | Scout Cavalry |
| 5:07 | Build | Mill |
| 5:10 | Create | Scout Cavalry |
| 5:10 | Create | Scout Cavalry |
| 5:19 | Build | Pasture |
| 5:23 | Research | Tech 1014 |
| 5:23 | Research | Tech 1014 |
| 5:42 | Create | Spearman |
| 5:42 | Create | Spearman |
| 6:09 | Create | Villager (Male) |
| 6:10 | Create | Villager (Male) |
| 6:33 | Create | Villager (Male) |
| 6:50 | Build | Pasture |
| 7:07 | Create | Villager (Male) |
| 7:12 | Research | Scale Barding Armor |
| 7:14 | Create | Scout Cavalry |
| 7:15 | Create | Scout Cavalry |
| 7:20 | Build | Mill |
| 7:30 | Create | Villager (Male) |
| 7:42 | Build | Market |
| 7:42 | Create | Villager (Male) |
| 8:04 | Create | Villager (Male) |
| 8:06 | Build | Pasture |
| 8:11 | Research | Castle Age |
| 8:54 | Build | House |
| 8:55 | Build | House |
Build order — hianyzol
66 actions detected in the replay
| 0:02 | Create | Villager (Male) |
| 0:05 | Research | Double-Bit Axe |
| 0:22 | Build | House |
| 0:23 | Build | House |
| 0:25 | Build | House |
| 0:38 | Create | Villager (Male) |
| 0:38 | Create | Villager (Male) |
| 0:38 | Create | Villager (Male) |
| 0:38 | Create | Villager (Male) |
| 0:52 | Build | Watch Tower |
| 1:06 | Build | Market |
| 1:09 | Build | House |
| 1:39 | Create | Villager (Male) |
| 1:48 | Create | Spearman |
| 1:48 | Create | Spearman |
| 1:58 | Build | House |
| 2:00 | Build | House |
| 2:01 | Build | House |
| 2:03 | Build | House |
| 2:14 | Create | Villager (Male) |
| 2:18 | Build | Mill |
| 2:24 | Create | Spearman |
| 2:31 | Build | Mining Camp |
| 2:42 | Create | Villager (Male) |
| 3:03 | Create | Villager (Male) |
| 3:07 | Build | Farm |
| 3:16 | Build | Palisade Wall |
| 3:27 | Create | Villager (Male) |
| 3:29 | Research | Wheelbarrow |
| 3:46 | Build | Stone Wall |
| 4:09 | Build | Farm |
| 4:10 | Create | Villager (Male) |
| 5:41 | Research | Castle Age |
| 6:10 | Build | Stable |
| 6:20 | Build | Stable |
| 6:58 | Research | Bloodlines |
| 7:32 | Build | Farm |
| 7:36 | Build | Farm |
| 7:36 | Build | Farm |
| 7:37 | Build | Farm |
| 7:37 | Build | Farm |
| 7:37 | Build | Farm |
| 7:37 | Build | Farm |
| 8:12 | Create | Villager (Male) |
| 8:12 | Create | Villager (Male) |
| 8:21 | Age | Castle Age |
| 8:25 | Create | Knight |
| 8:25 | Create | Knight |
| 8:26 | Create | Knight |
| 8:26 | Create | Knight |
| 8:26 | Create | Knight |
| 8:29 | Research | Husbandry |
| 8:57 | Build | Farm |
| 8:57 | Build | Farm |
| 8:57 | Build | Farm |
| 8:57 | Build | Farm |
| 8:58 | Build | Farm |
| 8:58 | Build | Farm |
| 9:01 | Research | Horse Collar |
| 9:04 | Create | Knight |
| 9:04 | Create | Knight |
| 9:04 | Create | Knight |
| 9:55 | Create | Knight |
| 9:55 | Create | Knight |
| 9:55 | Create | Knight |
| 9:56 | Create | Camel Scout |
Build order — SQ | dfLozanot
68 actions detected in the replay
| 0:01 | Create | Villager (Male) |
| 0:08 | Build | Stable |
| 0:23 | Create | Villager (Male) |
| 0:33 | Create | Villager (Male) |
| 0:46 | Build | Mill |
| 0:51 | Create | Scout Cavalry |
| 0:51 | Create | Scout Cavalry |
| 1:09 | Build | House |
| 1:15 | Create | Spearman |
| 1:17 | Create | Villager (Male) |
| 1:36 | Research | Forging |
| 1:44 | Create | Villager (Male) |
| 1:49 | Build | Farm |
| 2:14 | Create | Villager (Male) |
| 2:24 | Create | Scout Cavalry |
| 2:25 | Create | Villager (Male) |
| 2:35 | Build | House |
| 2:38 | Build | House |
| 2:41 | Create | Villager (Male) |
| 2:49 | Build | Farm |
| 2:52 | Build | Farm |
| 2:54 | Build | Farm |
| 2:57 | Create | Scout Cavalry |
| 3:01 | Create | Villager (Male) |
| 3:32 | Research | Scale Barding Armor |
| 3:36 | Build | Farm |
| 3:36 | Build | Farm |
| 3:36 | Build | Farm |
| 3:36 | Build | Farm |
| 3:37 | Build | Farm |
| 3:37 | Build | Farm |
| 3:38 | Create | Villager (Male) |
| 3:57 | Create | Villager (Male) |
| 4:05 | Build | Stable |
| 4:20 | Create | Scout Cavalry |
| 4:34 | Build | House |
| 4:36 | Build | House |
| 4:39 | Create | Spearman |
| 4:42 | Create | Spearman |
| 4:46 | Create | Villager (Male) |
| 4:54 | Build | Farm |
| 4:56 | Build | Farm |
| 5:09 | Research | Double-Bit Axe |
| 5:10 | Research | Horse Collar |
| 5:16 | Create | Villager (Male) |
| 5:20 | Create | Villager (Male) |
| 5:48 | Research | Bloodlines |
| 6:15 | Research | Wheelbarrow |
| 6:19 | Build | Market |
| 6:44 | Create | Scout Cavalry |
| 6:44 | Create | Scout Cavalry |
| 6:50 | Build | Farm |
| 6:53 | Build | Farm |
| 6:56 | Build | Farm |
| 7:30 | Research | Gold Mining |
| 7:35 | Research | Town Watch |
| 7:37 | Build | House |
| 7:38 | Build | House |
| 8:17 | Research | Stone Mining |
| 8:18 | Create | Villager (Male) |
| 8:22 | Build | Farm |
| 8:46 | Build | House |
| 8:46 | Build | House |
| 8:48 | Research | Castle Age |
| 9:07 | Create | Scout Cavalry |
| 9:07 | Create | Scout Cavalry |
| 9:20 | Build | Stable |
| 9:27 | Create | Scout Cavalry |
Build order — davidignaciogonzalez
38 actions detected in the replay
| 0:04 | Create | Villager (Male) |
| 0:04 | Create | Villager (Male) |
| 0:05 | Create | Villager (Male) |
| 0:38 | Build | Stable |
| 0:43 | Build | Watch Tower |
| 0:46 | Create | Villager (Male) |
| 0:47 | Create | Villager (Male) |
| 0:59 | Build | Mill |
| 1:00 | Create | Villager (Male) |
| 1:19 | Create | Villager (Male) |
| 1:36 | Create | Villager (Male) |
| 1:40 | Create | Spearman |
| 1:40 | Create | Spearman |
| 2:10 | Build | Market |
| 2:25 | Create | Scout Cavalry |
| 2:26 | Create | Scout Cavalry |
| 2:30 | Research | Forging |
| 2:31 | Create | Villager (Male) |
| 2:58 | Create | Scout Cavalry |
| 3:00 | Create | Villager (Male) |
| 3:06 | Build | Stable |
| 3:09 | Create | Scout Cavalry |
| 3:23 | Build | Mill |
| 4:04 | Create | Scout Cavalry |
| 4:12 | Create | Scout Cavalry |
| 4:13 | Create | Villager (Male) |
| 4:13 | Create | Villager (Male) |
| 4:33 | Research | Scale Barding Armor |
| 4:34 | Create | Spearman |
| 4:35 | Create | Spearman |
| 4:38 | Create | Scout Cavalry |
| 4:39 | Create | Scout Cavalry |
| 4:47 | Build | Farm |
| 4:48 | Build | Farm |
| 4:53 | Create | Villager (Male) |
| 4:53 | Create | Villager (Male) |
| 5:17 | Build | House |
| 5:21 | Build | House |
Build order — King Bourbon
34 actions detected in the replay
| 0:02 | Create | Villager (Male) |
| 0:02 | Create | Villager (Male) |
| 0:30 | Build | House |
| 0:31 | Build | House |
| 0:42 | Build | House |
| 0:44 | Build | House |
| 0:50 | Create | Villager (Male) |
| 0:50 | Create | Villager (Male) |
| 1:05 | Build | Archery Range |
| 1:30 | Build | House |
| 1:43 | Create | Spearman |
| 1:44 | Create | Spearman |
| 1:44 | Create | Spearman |
| 1:49 | Create | Archer ×5 |
| 1:56 | Create | Archer |
| 2:02 | Build | House |
| 2:03 | Build | House |
| 2:34 | Create | Villager (Male) |
| 2:35 | Create | Villager (Male) |
| 2:45 | Create | Archer |
| 2:47 | Create | Spearman |
| 3:01 | Build | Palisade Wall |
| 3:12 | Create | Archer |
| 3:14 | Create | Spearman |
| 3:23 | Build | House |
| 3:24 | Build | House |
| 3:25 | Build | House |
| 3:27 | Build | House |
| 3:47 | Build | House |
| 3:48 | Build | House |
| 3:57 | Build | Market |
| 4:05 | Create | Villager (Male) ×5 |
| 4:21 | Research | Double-Bit Axe |
| 4:30 | Build | Palisade Wall |
Build order — mrusuario0001
59 actions detected in the replay
| 0:03 | Research | Wheelbarrow |
| 0:22 | Build | Mill |
| 0:50 | Build | Watch Tower |
| 0:57 | Create | Spearman |
| 0:58 | Create | Spearman |
| 1:08 | Build | House |
| 1:16 | Build | House |
| 1:27 | Research | Double-Bit Axe |
| 1:32 | Create | Villager (Male) ×3 |
| 1:48 | Research | Gold Mining |
| 1:59 | Create | Villager (Male) |
| 2:11 | Create | Villager (Male) |
| 2:43 | Research | Scale Mail Armor |
| 2:45 | Research | Scale Barding Armor |
| 2:50 | Create | Villager (Male) |
| 3:01 | Build | Stable |
| 3:11 | Create | Villager (Male) |
| 3:18 | Create | Villager (Male) |
| 3:41 | Build | Farm |
| 3:41 | Build | Farm |
| 3:42 | Build | Farm |
| 3:42 | Build | Farm |
| 3:52 | Create | Villager (Male) |
| 4:13 | Create | Scout Cavalry |
| 4:42 | Research | Stone Mining |
| 4:51 | Build | Mining Camp |
| 5:02 | Create | Scout Cavalry |
| 5:15 | Build | Archery Range |
| 5:19 | Create | Villager (Male) |
| 5:23 | Research | Town Watch |
| 5:29 | Build | House |
| 5:33 | Build | House |
| 5:34 | Build | House |
| 5:36 | Build | House |
| 5:37 | Build | House |
| 5:40 | Create | Villager (Male) ×5 |
| 5:46 | Create | Scout Cavalry |
| 6:45 | Create | Scout Cavalry |
| 6:54 | Research | Forging |
| 6:58 | Create | Archer |
| 6:58 | Create | Archer |
| 6:58 | Create | Archer |
| 6:59 | Create | Archer |
| 7:59 | Create | Archer |
| 8:03 | Research | Castle Age |
| 8:18 | Build | House |
| 8:20 | Build | House |
| 8:21 | Build | House |
| 8:23 | Build | House |
| 8:25 | Build | House |
| 8:26 | Build | House |
| 8:33 | Research | Fletching |
| 8:34 | Research | Padded Archer Armor |
| 8:44 | Build | Archery Range |
| 8:49 | Build | Lumber Camp |
| 9:25 | Build | Mining Camp |
| 9:47 | Create | Archer ×5 |
| 9:52 | Create | Archer |
| 10:05 | Build | Market |
Match timeline
| 0:08 | SQ | dfLozanot · first_building Stable |
| 0:18 | PrimordiaL_ · first_building Stable |
| 0:38 | davidignaciogonzalez · first_building Stable |
| 1:05 | King Bourbon · first_building Archery Range |
| 3:01 | King Bourbon · wall_segment Palisade Wall x7 |
| 3:01 | mrusuario0001 · first_building Stable |
| 3:16 | hianyzol · wall_segment Palisade Wall x10 |
| 3:46 | hianyzol · wall_segment Stone Wall x11 |
| 4:30 | King Bourbon · wall_segment Palisade Wall x7 |
| 4:54 | King Bourbon · resign |
| 5:15 | mrusuario0001 · first_building Archery Range |
| 6:10 | hianyzol · first_building Stable |
| 8:21 | hianyzol · age_up castle |
[ AI ANALYSIS · 1 CREDIT ]
What really happened in this match?
Wolo.gg analyzes every decision: build order, eco, micro, common mistakes by bracket. Personalized analysis on WhatsApp or Discord in 30 seconds.
Civ guide
Khitans
Perfil
Jugador #9241343